 Dungeon Crawl Stone Soup version 0.28-a0-793-g31680bbd8b (webtiles) character file.

Game seed: 11567283317727311645

0 spiderkeys the Ducker (level 1, -29/10 HPs)
             Began as a Felid Abyssal Knight on Nov 4, 2021.
             Was a Follower of Lugonu.
             Annihilated by a large abomination (39 damage)
             ... on level 4 of the Abyss.
             The game lasted 00:00:53 (180 turns).

spiderkeys the Ducker (Felid Abyssal Knight)         Turns: 180, Time: 00:00:54

Health: -29/10     AC:  1    Str:  9    XL:     1   Next: 0%
Magic:  3/3        EV: 18    Int: 11    God:    Lugonu [*.....]
Gold:   0          SH:  0    Dex: 16    Spells: 0/0 levels left
                                        Lives:  0   Deaths: 0

rFire   . . .      SeeInvis +     - Unarmed
rCold   . . .      Faith    .   (shield unavailable)
rNeg    . . .      Spirit   .   (armour unavailable)
rPois   .          Reflect  .   (helmet unavailable)
rElec   .          Harm     .   (cloak unavailable)
rCorr   .          Rampage  .   (gloves unavailable)
Will    .....                   (boots unavailable)
Stlth   +.........              (no amulet)
HPRegen 0.03/turn               (no ring)
MPRegen 0.08/turn               (no ring)

@: quick
A: very small, claws 1, fangs 3, see invisible, speed 1, shaggy fur 1, stealthy
paws, no weapons or thrown items, no armour, multi-lived
a: Renounce Religion, Depart the Abyss


You were on level 4 of the Abyss.
You worshipped Lugonu.
Lugonu was aware of your devotion.
You visited 0 branches of the dungeon, and saw 0 of its levels.
You visited the Abyss 1 time.


Innate Abilities, Weirdness & Mutations

You have sharp claws.
You have razor-sharp teeth.
You have supernaturally acute eyesight. (SInv)
You cover ground quickly. (Speed+)
You are covered in fur. (AC +1)
Your paws help you pounce on unaware monsters.
You are incapable of wielding weapons or throwing items.
You cannot wear armour.
You gain extra lives every three experience levels.


   Skills:
 + Level 3.0 Fighting
 + Level 3.2 Dodging
 + Level 2.0 Unarmed Combat
 + Level 1.7 Invocations


You couldn't memorise any spells.
You didn't know any spells.
Your spell library was empty.

Inventory:

Potions
 a - a potion of heal wounds {unknown}

Dungeon Overview and Level Annotations

Branches:
Dungeon (0/15)

Altars:

.#... ... # #.
#### .# ...#
#..#### ...
#..###.#@..#
....#..#..XX.###
#...X.#.#.# ...
...#.#.####
#.....##...#
#..#####....# #.
.....# #. #.##.#
# #...##


You could see 3 large abominations.


Message History

🤖 Initializing magus.rc ... ✅ Successfully initialized magus.rc [v1.9.10] Welcome, spiderkeys the Felid Abyssal Knight.
It is said that the Orb of Zot exists deep within this dungeon.
Lugonu says: Depart the Abyss and spread corruption, my servant! (use the ability menu to exit the Abyss) Press ? for a list of commands and other information.
Found a corrupted altar of Lugonu.
Found a gateway leading deeper into the Abyss.
You see here a +0 hand axe.
There is a gateway leading deeper into the Abyss here.
There is a gateway leading deeper into the Abyss here.
You plunge deeper into the Abyss.
Found a corrupted altar of Lugonu.
Found 28 gold pieces.
Found a gateway leading deeper into the Abyss.
There is a gateway leading deeper into the Abyss here.
There is a gateway leading deeper into the Abyss here.
You plunge deeper into the Abyss.
The abyssal rune of Zot can be found at this depth.
a - a silvery potion
Found a gateway leading deeper into the Abyss.
There is a gateway leading deeper into the Abyss here.
You plunge deeper into the Abyss.
The abyssal rune of Zot can be found at this depth.
b - a scroll labelled UTHUFO LYOPS You feel yourself growing ill in the presence of the ancient zyme.
Blink to where?
Press: ? - help, Dir - move target
As you read the scroll labelled UTHUFO LYOPS, it crumbles to dust.
It was a scroll of blinking.
A large abomination comes into view.
A large abomination comes into view.
Tentacles burst out of the water! 4 tentacles come into view.
A large abomination comes into view.
A fire bat comes into view.
A large abomination comes into view.
The fire bat moves out of view.
You scratch the large abomination but do no damage.
The large abomination hits you!!!
Ouch! That really hurt!
You die...

Action                   || total
-------------------------++-------
Melee: Unarmed           ||     1
  Use: Scroll            ||     1

Levels and vault maps discovered:
Abyss:4:  base: Temple, guppyfry_abyss_exit_spiral_guarded, minivault_19,
          evilmike_nicolae_abyss_rune_betentacled_crabyss,
          hangedman_abyss_feature_spike,
          evilmike_nicolae_abyss_rune_betentacled_crabyss,
          hangedman_abyss_feature_spike

Notes
Turn   | Place    | Note
-------+----------+-------------------------------------------
     0 | Abyss:1  | spiderkeys the Felid Abyssal Knight began the quest for the
                  | Orb.
     0 | Abyss:1  | Reached XP level 1. HP: 10/10 MP: 3/3
     0 | Abyss:1  | magus.rc [v1.9.10]
    37 | Abyss:2  | Found a corrupted altar of Lugonu.
   118 | Abyss:4  | Noticed an ancient zyme
   134 | Abyss:4  | Noticed a large abomination
   135 | Abyss:4  | Noticed a large abomination
   140 | Abyss:4  | Noticed a kraken
   170 | Abyss:4  | Noticed a large abomination
   171 | Abyss:4  | Noticed a fire bat
   171 | Abyss:4  | Noticed a large abomination
   180 | Abyss:4  | Annihilated by a large abomination

Vanquished Creatures (others)
  4 tentacles (Abyss:4)
4 creatures vanquished.

Table legend:
 A = Non-vault XP
 B = Vault XP
 C = Vault XP percentage of total XP
 D = Non-vault monster count
 E = Vault monster count
 F = Vault count percentage of total count
                 A         B        C        D         E       F
            +---------+---------+-------+---------+---------+-------
      Total |       0 |       0 |   N/A |       0 |       0 |  -nan
            +---------+---------+-------+---------+---------+-------
            +---------+---------+-------+---------+---------+-------

Illustrated notes

Table legend: (Time is in decaauts)
 A = Elapsed time spent in this place.
 B = Non-inter-level travel time spent in this place.
 C = Inter-level travel time spent in this place.
 D = Time resting spent in this place.
 E = Time spent auto-exploring this place.
 F = Levels seen in this place.
 G = Mean time per level.
                   A        B        C        D        E       F      G
               +--------+--------+--------+--------+--------+-----+--------+
         Total |    145 |    145 |      0 |      0 |     16 |   4 |   36.2 |
         Abyss |    145 |    145 |      0 |      0 |     16 |   4 |   36.2 |
               +--------+--------+--------+--------+--------+-----+--------+

Top non-repeatable levels by time:
 Abyss:4: 52 daAuts
 Abyss:3: 39 daAuts
 Abyss:1: 29 daAuts
 Abyss:2: 23 daAuts
